 Dungeon Crawl Stone Soup version 0.25.0-9-g26727b657a (webtiles) character file.

Game seed: 15462833787682019528

504 Acheron the Chopper (level 7, -3/42 HPs)
             Began as a Tengu Monk on June 17, 2020.
             Slain by an ice beast (10 damage)
             ... on level 5 of the Dungeon.
             The game lasted 00:20:48 (4243 turns).

Acheron the Chopper (Tengu Monk)                    Turns: 4243, Time: 00:20:48

Health: -3/42      AC:  8    Str: 14    XL:     7   Next: 17%
Magic:  11/11      EV: 12    Int: 11    God:
Gold:   110        SH:  4    Dex: 17    Spells: 10/10 levels left

rFire    . . .     SeeInvis .   a - +0 hand axe
rCold    . . .     Gourm    .   y - +0 buckler
rNeg     . . .     Faith    .   i - +0 ring mail
rPois    .         Spirit   .   (helmet restricted)
rElec    .         Reflect  .   s - +0 cloak
rCorr    .         Harm     .   (no gloves)
MR       +....     Rnd*Rage +   (boots unavailable)
Stlth    ++........             (no amulet)
HPRegen  0.14/turn              (no ring)
MPRegen  0.12/turn              (no ring)

@: about to teleport
A: beak, talons 3, thin metallic scales 1, berserk 1, magic resistance 1, strong
1, able to fly
a: Fly


You were on level 5 of the Dungeon.
You were not hungry.

You visited 1 branch of the dungeon, and saw 5 of its levels.
You also visited: Sewer.

You collected 110 gold pieces.

Inventory:

Hand Weapons
 a - a +0 hand axe (weapon)
 g - a +0 dagger of protection
 n - a +0 flail
 t - a +1 dagger of speed
 w - a +0 long sword
Missiles
 b - 2 boomerangs (quivered)
 d - 92 stones
 h - 20 sling bullets
Armour
 i - a +0 ring mail (worn)
 m - a +0 scale mail
 s - a +0 cloak (worn)
 y - a +0 buckler (worn)
Jewellery
 e - a +4 ring of slaying {unknown}
 p - an uncursed ring of poison resistance {unknown}
Scrolls
 f - 4 scrolls of identify
 k - a scroll of teleportation
 o - a scroll of enchant weapon {unknown}
 q - a scroll of magic mapping
 r - a scroll of fear {unknown}
Potions
 j - a potion of degeneration {unknown}
 l - a potion of curing {unknown}
 v - a potion of lignification {unknown}
 x - 2 potions of flight {unknown}
Miscellaneous
 u - a box of beasts
Comestibles
 c - 6 rations


   Skills:
 * Level 3.8 Fighting
 + Level 4.6 Axes
 * Level 2.2 Throwing
 * Level 3.6 Armour
 * Level 4.0 Dodging
 * Level 3.3 Stealth
 * Level 0.3 Shields
 * Level 2.1 Spellcasting


You had 10 spell levels left.
You didn't know any spells.
Your spell library contained the following spells:

 Spells                   Type           Power        Failure   Level  Hunger
 Animate Skeleton         Necr           N/A          67%         1    ##.....
 Poisonous Vapours        Pois/Air       #.....       80%         2    ###....
 Lightning Bolt           Conj/Air       #.........   100%        5    ######.
 Conjure Ball Lightning   Conj/Air       #.........   100%        6    #######
 Freezing Cloud           Conj/Ice/Air   #.........   100%        6    #######


Dungeon Overview and Level Annotations

Branches:
Dungeon (5/15)              Sewer (visited)
 Temple: D:4-7

Altars:


Innate Abilities, Weirdness & Mutations

You have a beak for a mouth.
You have claws for feet.
You can fly continuously.
You are partially covered in thin metallic scales. (AC +2)
You tend to lose your temper in combat.
You are resistant to hostile enchantments. (MR+)
Your muscles are strong. (Str +2)


Message History

* * * LOW HITPOINT WARNING * * *
You barely miss the orc priest.
The orc priest is severely wounded.
The orc priest looks satisfied for a moment.
You closely miss the orc priest. Your kick misses the orc priest.
The orc priest is severely wounded.
The orc priest hits you but does no damage.
You barely miss the orc priest.
The orc priest is severely wounded.
The orc priest hits you with a +0 club.
* * * LOW HITPOINT WARNING * * *
You hit the orc priest but do no damage.
You claw the orc priest.
You kill the orc priest!
As you read the scroll labeled ENABAVV UCZUEC, it crumbles to dust.
You feel strangely unstable.
It was a scroll of teleportation.
The ice beast hits you.
* * * LOW HITPOINT WARNING * * *
The ice beast freezes you!
You die...

#..# #.#,,,,,,*******
#..# #.#,,..#,*
#..###.#,,..#,*
#....#.#,*#.#,#
##.#.#.####.#.#
#...........#.#
#....#........*
##..........#########
............'..Y@..<#
............#########
.#......รท...#
........#<#.#
...####.#.#.# #).#
#.#.#.# #..# #.#.#.#
#..# #.#.#.# *..#
#.#...#


You could see an ice beast.

Vanquished Creatures
  2 bullfrogs (Sewer)
  A howler monkey (D:4)
  2 hounds
  An orc priest (D:5)
  An orc wizard (D:4)
  An iguana (D:4)
  2 worker ants
  3 adders
  3 gnolls
  An adder skeleton (D:5)
  2 worms
  4 leopard geckos
  7 orcs
  4 ball pythons
  5 bats
  8 giant cockroaches
  5 hobgoblins
  5 jackals
  5 kobolds
  16 frilled lizards
  6 goblins
  A jackal skeleton (D:5)
  6 rats
91 creatures vanquished.

Notes
Turn   | Place    | Note
-------+----------+-------------------------------------------
     0 | D:1      | Acheron the Tengu Monk began the quest for the Orb.
     0 | D:1      | Reached XP level 1. HP: 14/14 MP: 2/2
   499 | D:1      | Reached XP level 2. HP: 16/19 MP: 3/3
   793 | D:3      | Reached XP level 3. HP: 5/23 MP: 4/4
  1408 | D:2      | Reached skill level 1 in Armour
  1421 | D:2      | Reached skill level 1 in Throwing
  1516 | D:1      | Reached XP level 4. HP: 28/28 MP: 6/6
  1747 | D:1      | Reached skill level 1 in Spellcasting
  2323 | D:4      | Gained mutation: You are resistant to hostile enchantments.
                  | (MR+) [potion of mutation]
  2323 | D:4      | Gained mutation: You are partially covered in thin metallic
                  | scales. (AC +2) [potion of mutation]
  2323 | D:4      | Gained mutation: You tend to lose your temper in combat.
                  | [potion of mutation]
  2323 | D:4      | Gained mutation: Your muscles are strong. (Str +2) [potion
                  | of mutation]
  2668 | D:4      | Gained mutation: You can fly continuously. [Tengu growth]
  2668 | D:4      | Reached XP level 5. HP: 31/32 MP: 7/7
  2834 | D:4      | Reached XP level 6. HP: 26/37 MP: 9/9
  2989 | D:5      | Entered Level 5 of the Dungeon
  3233 | D:5      | Found a glowing drain.
  3237 | Sewer    | Entered a sewer
  3619 | Sewer    | Identified the Handbook of Ghastly Flight
  3706 | D:5      | Reached XP level 7. HP: 35/42 MP: 11/11
  4243 | D:5      | Slain by an ice beast

Illustrated notes

Levels and vault maps discovered:
D:1:      dpeg_arrival_lava_temple_mockup, layout_basic, serial_forest,
          infiniplex_forest_clump_cross, infiniplex_forest_join,
          infiniplex_forest_clump_long, infiniplex_forest_clump_double,
          infiniplex_forest_clump_medium
D:2:      layout_basic, first_ration, kennysheep_generic_room_11, uniq_sigmund,
          uniq_terence
D:3:      layout_basic
D:4:      layout_gridville
D:5:      layout_basic, gup_sewer_entry_bowl

Skill      XL: |  1  2  3  4  5  6  7 |
---------------+----------------------+-----
Armour         | 1 2 3 |  3.6
Throwing       | 1 2 |  2.2
Spellcasting   | 1 2 |  2.1
Axes           | 4 |  4.6
Stealth        | 3 |  3.3
Dodging        | 4 |  4.0
Fighting       | |  3.8
Shields        | |  0.3

Action                   |  1- 3 |  4- 6 |  7- 9 || total
-------------------------+-------+-------+-------++-------
Melee: Hand axe          |    82 |   140 |    33 ||   255
       Kick              |    23 |    46 |     8 ||    77
       Peck              |     9 |    22 |     4 ||    35
Throw: Boomerang         |       |    11 |       ||    11
  Use: Potion            |       |     3 |       ||     3
       Scroll            |       |     2 |     1 ||     3
 Stab: Sleeping          |     2 |     1 |       ||     3
  Eat: Ration            |     1 |     1 |     1 ||     3
       Chunk             |       |     2 |     1 ||     3
Armor: Robe              |     3 |       |       ||     3
       Ring mail         |    20 |    46 |    24 ||    90
Dodge: Dodged            |    62 |    94 |    26 ||   182
Block: Buckler           |       |       |     5 ||     5
